 Dungeon Crawl Stone Soup version 0.31-a0-232-gb1c03b2570 (webtiles) character file.

Game seed: 18025053182447965643

49 qw the Shooter (level 3, -3/21 HPs)
             Began as a Gargoyle Hexslinger on July 6, 2023.
             Slain by an orc
             ... wielding a +0 trident
              (6 damage)
             ... on level 2 of the Dungeon.
             The game lasted 00:00:19 (759 turns).

qw the Shooter (Gargoyle Hexslinger)                 Turns: 759, Time: 00:00:19

Health: -3/21      AC:  8    Str: 11    XL:     3   Next: 77%
Magic:  4/4        EV: 10    Int: 13    God:
Gold:   19         SH:  0    Dex: 14    Spells: 3/4 levels left

rFire   . . .        Y - +1 sling
rCold   . . .        (no shield)
rNeg    + . .        g - +0 ring mail
rPois   inf          (no helmet)
rElec   +            (no cloak)
rCorr   .            (no gloves)
SInv    .            (no boots)
Will    .....        (no amulet)
Stlth   +            (no ring)
HPRegen 0.23/turn    (no ring)
MPRegen 0.09/turn

%: no passive effects
@: no status effects
A: sickness immunity, AC +3, negative energy resistance 1, electricity
resistance, torment resistance 1, petrification resistance
a: no special abilities


You were on level 2 of the Dungeon.
You visited 1 branch of the dungeon, and saw 2 of its levels.

You collected 19 gold pieces.


Innate Abilities, Weirdness & Mutations

You are immune to sickness and miasma.
Your stone body is resilient. (AC +3)
You are immune to poison.
You resist negative energy. (rN+)
You are resistant to electric shocks. (rElec)
You are resistant to unholy torment.
You are immune to petrification.


   Skills:
 - Level 2.0 Fighting
 + Level 3.6 Ranged Weapons
 - Level 1.5 Dodging
 - Level 1.0 Spellcasting
 - Level 2.6 Hexes


You had 3 spell levels left.
You knew the following spells:

 Your Spells              Type           Power      Damage    Failure   Level
a - Slow                  Hex            28%        N/A       22%         1

Your spell library contained the following spells:

 Spells                   Type           Power      Damage    Failure   Level
 Inner Flame              Hex/Fire       4%         N/A       75%         3
 Portal Projectile        Hex/Tloc       8%         N/A       75%         3
 Cause Fear               Hex            3%         N/A       92%         4

Inventory:

Hand Weapons
 Y - a +1 sling (weapon)
Armour
 a - the +0 helmet "Kawn" {Harm Rampage Stlth-}
   (You acquired it on level 1 of the Dungeon)

   Harm:      It increases damage dealt and taken.
   Rampage:   It bestows one free step when moving towards enemies.
   Stlth:     It makes you less stealthy.
 g - a +0 ring mail (worn)
Scrolls
 b - a scroll of identify
Potions
 d - a potion of haste {unknown}
 e - a potion of enlightenment {unknown}
 j - a potion of invisibility {unknown}

Dungeon Overview and Level Annotations

Branches:
Dungeon (2/15)

Altars:
Xom

Shops:
D:1 *


Message History

The sling bullet hits the gnoll but does no damage.
The gnoll is severely wounded.
The gnoll hits you with a +0 flail. The orc hits you but does no damage.
You shoot a sling bullet.
The sling bullet hits the gnoll but does no damage.
The gnoll is severely wounded.
The gnoll hits you with a +0 flail. The orc closely misses you.
The gnoll barely misses you. The orc closely misses you.
You shoot a sling bullet. The sling bullet hits the gnoll!
You kill the gnoll!
The orc hits you from afar with a +0 trident.
The kobold throws a stone.
The stone hits you.
You shoot a sling bullet.
The sling bullet closely misses the gnoll.
The orc hits you from afar with a +0 trident.
The gnoll hits you with a +0 club.
753 ||| DRINKING potion of heal wounds.
You feel much better. The orc hits you but does no damage.
The gnoll hits you but does no damage.
You shoot a sling bullet. The sling bullet hits the gnoll!
The gnoll is heavily wounded.
The orc hits you from afar with a +0 trident.
The gnoll closely misses you. The orc barely misses you.
You shoot a sling bullet.
The sling bullet barely misses the gnoll.
The gnoll barely misses you.
The orc hits you from afar with a +0 trident.
The gnoll hits you with a +0 club.
You shoot a sling bullet.
The sling bullet closely misses the gnoll.
The orc hits you but does no damage. The gnoll hits you with a +0 club.
The orc hits you from afar with a +0 trident.
You shoot a sling bullet.
The sling bullet barely misses the gnoll.
The gnoll hits you but does no damage. The orc hits you but does no damage.
You shoot a sling bullet. The sling bullet hits the gnoll.
You kill the gnoll!
The orc misses you.
You shoot a sling bullet. The sling bullet barely misses the orc.
The orc hits you from afar with a +0 trident. x2
You die... . #....##....####. #....##....# .......##....## .......#####..# ....##.. #..####7.7 .... ..P 77.P....7 ###. 77P

7P...7P7..
7777.77 7...@7
7.7..).K7
....7o7...8..
..7...#...#....
.7..........
...
7...#..._... ..
.7........... P
.P .ยค#...#.P.


You could see an orc and a kobold.

Vanquished Creatures
  3 gnolls
  A dart slug (D:1)
  2 endoplasms (D:1)
  A hobgoblin (D:1)
  3 kobolds
  2 quokkas (D:2)
  A ball python (D:1)
  A frilled lizard (D:1)
  3 goblins
  2 rats (D:1)
19 creatures vanquished.

Notes
Turn   | Place    | Note
-------+----------+-------------------------------------------
     0 | D:1      | qw the Gargoyle Hexslinger began the quest for the Orb.
     0 | D:1      | Reached XP level 1. HP: 12/12 MP: 2/2
     0 | D:1      | 0 ||| qw: Version: 0.3-a-46-gb1f654a
     0 | D:1      | 0 ||| qw: Game counter: 1988
     0 | D:1      | 0 ||| qw: Melee chars always use a shield: true
     0 | D:1      | 0 ||| qw: God list: Okawaru
     0 | D:1      | 0 ||| qw: Allow faded altars: false
     0 | D:1      | 0 ||| qw: Do Orc after clearing Dungeon:15 true
     0 | D:1      | 0 ||| qw: Do second Lair branch before Depths: true
     0 | D:1      | 0 ||| qw: Lair rune preference: random
     0 | D:1      | 0 ||| qw: Goals: Normal
     0 | D:1      | 0 ||| PLANNING D:1-11
   170 | D:1      | Found Noewioqooh's General Store.
   180 | D:1      | 180 ||| SHOPLISTING +0 helmet (63 gold, have 0).
   180 | D:1      | 180 ||| SHOPLISTING potion of curing (42 gold, have 0).
   180 | D:1      | 180 ||| SHOPLISTING potion of mutation (112 gold, have 0).
   180 | D:1      | 180 ||| SHOPLISTING scroll of enchant armour (105 gold,
                  | have 0).
   180 | D:1      | 180 ||| SHOPLISTING scroll of identify (28 gold, have 0).
   180 | D:1      | 180 ||| SHOPLISTING scroll of teleportation (42 gold, have
                  | 0).
   286 | D:1      | Reached XP level 2. HP: 16/16 MP: 3/3
   294 | D:1      | Reached skill level 3 in Ranged Weapons
   468 | D:1      | Reached XP level 3. HP: 20/20 MP: 4/4
   603 | D:1      | 603 ||| UPGRADING to +0 ring mail.
   613 | D:1      | 613 ||| DROPPING +0 robe.
   614 | D:1      | 614 ||| READING scroll labelled TEUGRO MAIHO.
   615 | D:1      | 615 ||| READING scroll labelled MUITZA NOTZAEC.
   616 | D:1      | 616 ||| READING scroll labelled GELLIO UNGAFY.
   616 | D:1      | Identified a scroll of acquirement
   616 | D:1      | 616 ||| ACQUIRING +0 helmet "Kawn" {Harm Rampage Stlth-}
   616 | D:1      | Acquired the +0 helmet "Kawn" {Harm Rampage Stlth-}
   618 | D:1      | 618 ||| DROPPING scroll of poison.
   734 | D:2      | Found a shimmering altar of Xom.
   752 | D:2      | HP: 5/21 [gnoll/+0 club (2)]
   753 | D:2      | 753 ||| DRINKING potion of heal wounds.
   759 | D:2      | HP: 3/21 [orc/+0 trident (6)]
   759 | D:2      | Slain by an orc

Levels and vault maps discovered:
D:1:      matt_arrival_refuge, layout_rooms, serial_shops, shop_statue,
          minivault_24, serial_bayou_pond_e, st_stairs_1,
          nicolae_figureground_sparkle
D:2:      wad_woods_stonehenge, layout_basic

Skill      XL: |  1  2  3 |
---------------+----------+-----
Ranged Weapons | 3 |  3.6
Fighting       | 2 |  2.0
Dodging        | |  1.5
Spellcasting   | |  1.0
Hexes          | |  2.6

Action                     || total
---------------------------++-------
   Fire: Sling             ||    69
    Use: Scroll            ||     3
         Potion            ||     1
 Armour: Robe              ||     3
         Ring mail         ||     6
  Dodge: Dodged            ||    20

Table legend:
 A = Non-vault XP
 B = Vault XP
 C = Vault XP percentage of total XP
 D = Non-vault monster count
 E = Vault monster count
 F = Vault count percentage of total count
                 A         B        C        D         E       F
            +---------+---------+-------+---------+---------+-------
      Total |      37 |      34 |  47.9 |      15 |       4 |  21.1
            +---------+---------+-------+---------+---------+-------
        D:1 |      30 |       4 |  11.8 |      11 |       1 |   8.3
        D:2 |       7 |      30 |  81.1 |       4 |       3 |  42.9
            +---------+---------+-------+---------+---------+-------
